 Dungeon Crawl Stone Soup version 0.24.0-37-gcf1ca852f1 (webtiles) character file.

Game seed: 5715127710128014321, levelgen mode: deterministic

103386 plexdo the Impaler (level 15, -2/139 HPs)
             Began as a Minotaur Berserker on Nov 26, 2019.
             Was a High Priest of Trog.
             Hit by a silver javelin thrown by a merfolk javelineer (15 damage)
             ... on level 4 of the Shoals on Dec 7, 2019.
             The game lasted 02:07:23 (25282 turns).

plexdo the Impaler (Minotaur Berserker)            Turns: 25282, Time: 02:07:23

Health: -2/139     AC: 35    Str: 27    XL:     15   Next: 88%
Magic:  0/6        EV:  8    Int: 11    God:    Trog [*****.]
Gold:   515        SH:  0    Dex: 16    Spells: 14/14 levels left

rFire    + . .     SeeInvis .   P - +7 glaive (antimagic)
rCold    + . .     Gourm    .   (shield currently unavailable)
rNeg     . . .     Faith    .   z - +11 gold dragon scales of Zin's Approval {rElec rPois rF+ rC+ rCorr Int+7}
rPois    +         Spirit   +   (helmet restricted)
rElec    +         Reflect  .   d - scarf {Spirit}
rCorr    +         Harm     .   x - +0 pair of gloves
MR       +....                  (no boots)
Stlth    ..........             h - amulet of guardian spirit
HPRegen  0.33/turn              V - +5 ring of dexterity
MPRegen  0.10/turn              D - +4 ring of protection

@: no status effects
A: retaliatory headbutt, horns 2
a: Berserk, Trog's Hand, Brothers in Arms, Renounce Religion


You were on level 4 of the Shoals.
You worshipped Trog.
Trog was extremely pleased with you.
You were not hungry.

You visited 5 branches of the dungeon, and saw 25 of its levels.
You also visited: Volcano.

You collected 2658 gold pieces.
You spent 2143 gold pieces at shops.

Inventory:

Hand Weapons
 o - the +1 spear "Vumivvan" {vamp, +Rage rC- Str+2 Dex+6}
   (You found it on level 4 of the Dungeon)

   It inflicts no extra harm, but heals its wielder when it wounds a living foe.
   It affects your strength (+2).
   It affects your dexterity (+6).
   It makes you vulnerable to cold.
   It lets you go berserk.
 v - a +3 trident of freezing
 P - a +7 antimagic glaive (weapon)
 R - a +9 bardiche of flaming
 W - a +0 demon trident
Missiles
 i - 2 throwing nets
 l - 73 poisoned darts
 K - 7 atropa-tipped darts
 S - 13 silver javelins
 Y - 54 javelins (quivered)
Armour
 d - a scarf of spirit shield (worn)
 p - a +0 shield
 w - a +0 cloak
 x - a +0 pair of gloves (worn)
 z - the +11 gold dragon scales of Zin's Approval (worn) {rElec rPois rF+ rC+ rCorr Int+7}
   (You bought it in a shop on level 2 of the Orcish Mines)

   It affects your intelligence (+7).
   It protects you from fire.
   It protects you from cold.
   It insulates you from electricity.
   It protects you from poison.
   It provides partial protection from all sources of acid and corrosion.
 T - a +0 troll leather armour
Jewellery
 h - an amulet of guardian spirit (around neck)
 k - a +3 ring of intelligence
 q - an uncursed ring of positive energy
 u - an uncursed ring of ice
 C - an uncursed amulet of regeneration
 D - a +4 ring of protection (right hand)
 N - an uncursed ring of ice
 Q - an uncursed amulet of the acrobat
 V - a +5 ring of dexterity (left hand)
 X - an uncursed ring of fire
Wands
 r - a wand of polymorph (16)
 F - a wand of digging (28)
 I - a wand of scattershot (3)
 J - a wand of disintegration (9)
 M - a wand of paralysis (2)
 O - a wand of enslavement (9)
Scrolls
 a - 8 scrolls of remove curse
 g - 6 scrolls of teleportation
 y - 3 scrolls of fog
 A - 4 scrolls of fear
 B - 2 scrolls of magic mapping
 E - 2 scrolls of enchant weapon
 G - 2 scrolls of blinking
 Z - 4 scrolls of identify
Potions
 b - a potion of ambrosia
 e - 2 potions of might
 f - 2 potions of lignification
 j - 6 potions of agility
 m - 2 potions of flight
 n - 2 potions of curing
 s - 2 potions of cancellation
 t - 2 potions of mutation
 H - a potion of haste {unknown}
Miscellaneous
 L - a lamp of fire
Comestibles
 c - 40 rations


   Skills:
 * Level 14.7 Fighting
   Level 0.5 Long Blades
 * Level 19.6 Polearms
 * Level 10.4 Throwing
 * Level 13.1 Armour
 + Level 3.8 Dodging
 + Level 1.5 Stealth
 - Level 11.9 Shields
 * Level 5.8 Evocations


You had 14 spell levels left.
You didn't know any spells.
Your spell library was empty.

Dungeon Overview and Level Annotations

Branches:
Dungeon (12/15)            Temple (0/1) D:6            Lair (6/6) D:8
 Shoals (4/4) Lair:2       Spider (0/4) Lair:3        Slime (0/5) Lair:5
    Orc (2/2) D:9             Elf (1/3) Orc:2       Volcano (visited)

Altars:
Dithmenos
Okawaru
Ru
Vehumet
Zin
Beogh

Shops:
D:7 =   D:9 *   Orc:2 %[%}*

Portals:
Pandemonium: Orc:2

Annotations:
D:12 Fannar
Orc:1 Harold


Innate Abilities, Weirdness & Mutations

You reflexively headbutt those who attack you in melee.
You have a pair of horns on your head.


Message History

Attack whom?
Press: ? - help, Dir - move target cursor, f - merfolk javelineer
Aim: a merfolk javelineer, wielding a +2 spear of piercing and wearing a +0 leather armour (moderately wounded, fleeing)
You reach to attack!
You closely miss the merfolk javelineer.
The merfolk javelineer is moderately wounded.
Attack whom?
Press: ? - help, Dir - move target cursor, f - merfolk, p - merfolk javelineer
Aim: a merfolk, wielding a +0 trident (fleeing)
You reach to attack!
Your unstable footing causes you to fumble your attack.
You feel better.
Okay, then.
Okay, then.
Okay, then.
You eat one of the 41 rations.
That ration really hit the spot!
The merfolk javelineer seems to regain its courage.
The merfolk javelineer throws a silver javelin.
The silver javelin pierces through you!
You die...

.≈≈≈≈≈≈≈≈≈≈≈≈≈≈≈≈≈≈≈≈≈.
...≈≈≈≈≈≈≈≈≈≈≈≈≈≈≈≈≈≈≈≈≈
...≈≈≈≈≈≈≈≈≈≈≈≈≈≈≈≈≈≈≈≈≈
..≈≈≈≈≈≈≈≈≈≈≈≈≈.≈)≈≈≈≈≈≈
≈≈≈≈≈≈≈m...≈≈##≈#≈..≈≈≈≈
≈≈≈≈≈≈...)(#######...≈≈≈
≈≈≈≈≈≈...≈## ##...≈≈
≈≈≈≈≈≈..(## #≈.≈≈≈
≈≈≈≈≈≈≈@.# ##.≈≈≈
≈≈≈≈≈≈≈≈.≈# #.≈≈≈
≈≈≈≈≈≈≈≈≈## #≈≈≈≈
≈≈≈≈≈≈≈≈≈# #≈≈≈≈
≈≈≈≈≈≈≈≈≈. .....
≈≈≈≈≈≈≈≈≈.m ......
≈≈≈≈≈≈≈(≈.. ......
≈≈≈≈≈≈≈≈≈... .......
.....##


You could see a merfolk javelineer and a merfolk (fleeing).

Vanquished Creatures
  A storm dragon (D:11)
  The ghost of kalagan the Geomancer, an adept GrEE of Sif Muna (Orc:1)
  A stone giant (D:11)
  An ettin (D:11)
  2 merfolk javelineers
  Snorg (D:9)
  4 merfolk impalers
  4 hydras
  A merfolk aquamancer (Shoals:1)
  2 catoblepae
  A merfolk avatar (Shoals:4)
  An ogre mage (D:11)
  3 death yaks (Lair:5)
  A tengu warrior (D:12)
  5 two-headed ogres
  A deep troll earth mage (D:11)
  4 orc high priests (Orc:2)
  Sonja (Lair:5)
  Nergalle (Lair:3)
  2 skeletal warriors (Volcano)
  4 sea snakes
  2 unseen horrors
  A gelid demonspawn (Orc:2)
  An infernal demonspawn (Orc:2)
  4 anaconda skeletons (Volcano)
  A flayed ghost (D:11)
  5 orc knights
  5 harpies (Shoals:2)
  A lindwurm (Lair:6)
  6 orc sorcerers (Orc:2)
  An ugly thing (D:11)
  A cyclops (D:11)
  2 oklob plants (Lair:4)
  A deep elf mage (D:11)
  7 elephants
  5 manticores
  A faun (Shoals:2)
  2 molten gargoyles (Lair:6)
  7 black mambas
  6 gargoyles
  3 merfolk sirens
  3 water nymphs
  2 orange demons (Orc:2)
  10 spiny frogs
  10 rime drakes
  7 komodo dragons
  An ice devil (Orc:2)
  3 trolls
  A red devil (Orc:2)
  2 harpy skeletons (Volcano)
  2 polar bears
  5 wind drakes
  A slime creature (D:11)
  17 blink frogs
  14 merfolk
  9 snapping turtles
  7 hippogriffs
  2 spectral orcs (Orc:2)
  3 flying skulls (Volcano)
  A redback (Lair:2)
  A wraith (D:11)
  An alligator skeleton (Volcano)
  4 water elementals
  4 wyverns
  A human (D:11)
  34 yaks
  A fire elemental (Orc:2)
  4 hogs (D:11)
  9 basilisks
  4 steam dragons
  7 hell hounds
  10 water moccasins
  23 porcupines
  2 black bears
  A hornet zombie (D:10)
  29 orc warriors
  An ice beast (D:10)
  3 sky beasts
  7 ogres
  2 phantoms (D:11)
  7 wolves
  4 centaurs
  20 crocodiles
  2 big kobolds
  19 bullfrogs
  2 gnoll sergeants
  A wyvern zombie (D:11)
  3 scorpions
  13 killer bees
  18 wights
  3 troll skeletons (Volcano)
  4 electric eels
  A howler monkey (D:5)
  5 lava snakes (Lair:6)
  4 crimson imps
  A bullfrog zombie (D:11)
  A quasit (D:9)
  27 orc priests
  5 hounds
  2 centaur zombies
  2 centaur skeletons
  A jelly (D:10)
  17 orc wizards
  A bullfrog skeleton (D:8)
  5 iguanas
  10 worker ants
  A troll simulacrum (Orc:2)
  A naga skeleton (Volcano)
  A hound zombie (D:7)
  3 worker ant zombies
  16 gnolls
  11 adders
  2 shadow imps
  4 orc simulacra (Orc:2)
  An ooze (D:2)
  An adder skeleton (D:9)
  A worm (D:2)
  A dart slug (D:1)
  104 orcs
  3 ball pythons
  3 giant cockroaches
  22 goblins
  12 hobgoblins
  5 jackals (D:1)
  7 quokkas
  4 bats
  7 frilled lizards
  A jackal skeleton (D:5)
  16 kobolds
  8 rats
765 creatures vanquished.

Vanquished Creatures (collateral kills)
  Azrael (Orc:2)
  A fire dragon (Lair:6)
  2 two-headed ogres
  An orc high priest (Orc:2)
  4 oklob plants
  An orc sorcerer (Orc:2)
  A fire elemental (Orc:2)
  An ogre (D:11)
12 creatures vanquished.

Vanquished Creatures (others)
  A two-headed ogre (D:8)
  An ogre (D:8)
  A bullfrog (D:8)
  2 wights (D:8)
  6 fungi
  4 plants
15 creatures vanquished.

Grand Total: 792 creatures vanquished

Notes
Turn   | Place    | Note
-------+----------+-------------------------------------------
     0 | D:1      | plexdo the Minotaur Berserker began the quest for the Orb.
     0 | D:1      | Reached XP level 1. HP: 19/19 MP: 0/0
   323 | D:1      | Reached XP level 2. HP: 27/27 MP: 1/1
   360 | D:1      | Reached skill level 4 in Polearms
   851 | D:1      | Reached ** piety under Trog
   939 | D:1      | Reached XP level 3. HP: 34/34 MP: 2/2
  1606 | D:3      | Reached skill level 5 in Polearms
  1606 | D:3      | Reached skill level 1 in Throwing
  1606 | D:3      | Reached XP level 4. HP: 40/41 MP: 3/3
  1681 | D:3      | Reached skill level 5 in Fighting
  1683 | D:3      | Reached XP level 5. HP: 34/48 MP: 4/4
  1971 | D:3      | Found an iron altar of Okawaru.
  2451 | D:4      | Got a scorched spear
  2452 | D:4      | Identified the +1 spear "Vumivvan" {vamp, +Rage rC- Str+2
                  | Dex+6} (You found it on level 4 of the Dungeon)
  2524 | D:4      | Reached XP level 6. HP: 56/56 MP: 5/5
  2574 | D:4      | Reached skill level 6 in Polearms
  2725 | D:4      | Reached *** piety under Trog
  2958 | D:4      | Reached XP level 7. HP: 55/61 MP: 6/6
  3155 | D:5      | Entered Level 5 of the Dungeon
  3180 | D:5      | Reached skill level 7 in Polearms
  3933 | D:5      | Reached skill level 5 in Armour
  4684 | D:6      | Reached skill level 1 in Shields
  4775 | D:6      | Reached XP level 8. HP: 65/70 MP: 7/7
  4806 | D:6      | HP: 3/70 [poisoned by a gnoll sergeant]
  4943 | D:6      | Reached skill level 8 in Polearms
  5203 | D:6      | Found a staircase to the Ecumenical Temple.
  5219 | D:6      | Reached **** piety under Trog
  5219 | D:6      | Received a gift from Trog
  5594 | D:7      | Found Ughu's Jewellery Shoppe.
  5842 | D:7      | Reached skill level 9 in Polearms
  6239 | D:7      | Found a glowing silver altar of Zin.
  6368 | D:7      | Reached XP level 9. HP: 79/79 MP: 8/8
  6688 | D:8      | Killed a two-headed ogre
  6783 | D:8      | Found a staircase to the Lair.
  6792 | D:8      | Reached skill level 5 in Throwing
  6792 | D:8      | Reached skill level 5 in Shields
  6799 | D:8      | Reached skill level 10 in Polearms
  7285 | D:8      | You fall into a shaft and drop 1 floor!
  7366 | D:9      | Reached ***** piety under Trog
  7378 | D:9      | Reached skill level 11 in Polearms
  7378 | D:9      | Reached XP level 10. HP: 88/88 MP: 9/9
  7579 | D:9      | Received a gift from Trog
  7640 | D:9      | Found a staircase to the Orcish Mines.
  7780 | D:9      | Noticed a two-headed ogre
  7803 | D:9      | Killed a two-headed ogre
  7894 | D:9      | Noticed a two-headed ogre
  7923 | D:9      | Killed a two-headed ogre
  7932 | D:9      | Reached skill level 12 in Polearms
  8057 | D:9      | Paralysed by a wight for 3 turns
  8074 | D:9      | Found Gimn's General Store.
  8266 | D:9      | You fall into a shaft and drop 3 floors!
  8266 | D:12     | Found a sacrificial altar of Ru.
  8268 | D:12     | Noticed Fannar
  8288 | D:12     | Found a flagged portal.
  8313 | D:11     | Noticed an ogre mage
  8313 | D:11     | Noticed a two-headed ogre
  8313 | D:11     | Noticed a two-headed ogre
  8313 | D:11     | Noticed a two-headed ogre
  8321 | D:11     | Killed an ogre mage
  8321 | D:11     | Reached skill level 1 in Stealth
  8321 | D:11     | Reached XP level 11. HP: 53/97 MP: 10/10
  8321 | D:11     | Killed a two-headed ogre
  8324 | D:11     | Killed a two-headed ogre
  8331 | D:11     | Killed a two-headed ogre
  9029 | D:11     | Killed an unseen horror
  9029 | D:11     | Reached skill level 13 in Polearms
  9062 | D:10     | Entered Level 10 of the Dungeon
  9288 | D:9      | Received a gift from Trog
  9890 | D:10     | Noticed a two-headed ogre
  9921 | D:10     | Killed a two-headed ogre
  9921 | D:10     | Reached skill level 10 in Fighting
  9921 | D:10     | Reached skill level 10 in Shields
 10011 | D:10     | Killed an unseen horror
 10396 | Lair:1   | Entered Level 1 of the Lair of Beasts
 10473 | Lair:1   | Reached XP level 12. HP: 73/106 MP: 11/11
 10750 | Lair:1   | Found a dark tunnel.
 10759 | Volcano  | Entered a volcano
 10887 | Volcano  | Received a gift from Trog
 10893 | Volcano  | Reached skill level 14 in Polearms
 11676 | Lair:2   | Noticed an eight-headed hydra
 11692 | Lair:2   | Killed a five-headed hydra
 11835 | Lair:2   | Found a shadowy altar of Dithmenos.
 11952 | Lair:2   | Reached skill level 15 in Polearms
 12516 | Lair:2   | Found a staircase to the Shoals.
 12692 | Lair:3   | Noticed a four-headed hydra
 12694 | Lair:3   | Found a hole to the Spider Nest.
 12713 | Lair:2   | Reached XP level 13. HP: 66/116 MP: 12/12
 13056 | Lair:3   | Received a gift from Trog
 13152 | Lair:3   | Reached skill level 1 in Evocations
 13254 | Lair:3   | Noticed Nergalle
 13260 | Lair:3   | Killed Nergalle
 13906 | Lair:4   | Reached skill level 16 in Polearms
 14057 | Lair:4   | Received a gift from Trog
 14142 | Lair:4   | Reached skill level 10 in Armour
 14855 | Lair:5   | Noticed Sonja
 14862 | Lair:5   | Killed Sonja
 15543 | Lair:5   | Found a staircase to the Slime Pits.
 15589 | Lair:5   | Reached XP level 14. HP: 115/127 MP: 15/15
 15590 | Lair:5   | Reached skill level 17 in Polearms
 15669 | Lair:6   | Entered Level 6 of the Lair of Beasts
 16671 | Lair:6   | Received a gift from Trog
 16809 | Lair:6   | Found a large runed translucent door.
 16810 | Lair:6   | Found a large runed translucent door.
 17312 | Orc:1    | Entered Level 1 of the Orcish Mines
 17312 | Orc:1    | Noticed Snorg
 17317 | D:9      | Killed Snorg
 17491 | Orc:1    | Found a roughly hewn altar of Beogh.
 17548 | Orc:2    | Entered Level 2 of the Orcish Mines
 17548 | Orc:2    | Found a runed translucent gate.
 17548 | Orc:2    | Found a runed translucent gate.
 17548 | Orc:2    | Found a runed translucent gate.
 17633 | Orc:2    | Noticed kalagan's ghost (adept GrEE)
 17692 | Orc:1    | Killed kalagan's ghost
 17859 | Orc:2    | Found Wishoscha's Food Emporium.
 17860 | Orc:2    | Found Jawydd's General Store.
 18114 | Orc:2    | Bought the +11 gold dragon scales of Zin's Approval {rElec
                  | rPois rF+ rC+ rCorr Int+7} for 2143 gold pieces
 18294 | Orc:2    | Received a gift from Trog
 18309 | Orc:2    | Found a radiant altar of Vehumet.
 18366 | Orc:2    | Noticed Azrael
 18404 | Orc:2    | Killed Azrael
 18493 | Orc:2    | Found a roughly hewn altar of Beogh.
 18554 | Orc:2    | Found a staircase to the Elven Halls.
 18568 | Elf:1    | Entered Level 1 of the Elven Halls
 18590 | Orc:2    | Found Vaogukh's Food Emporium.
 18675 | Orc:2    | Reached skill level 18 in Polearms
 18807 | Orc:2    | Paralysed by an orc sorcerer for 7 turns
 18818 | Orc:2    | Received a gift from Trog
 18850 | Orc:1    | Noticed Harold
 19187 | Orc:2    | Reached XP level 15. HP: 118/137 MP: 5/17
 19192 | Orc:2    | Received a gift from Trog
 19199 | Orc:2    | Found Qarics's Gadget Shop.
 19199 | Orc:2    | Found Obleonyf's Antique Armour Boutique.
 19199 | Orc:2    | Found a one-way gate leading to the halls of Pandemonium.
 19748 | D:11     | Noticed a storm dragon
 19926 | D:11     | Killed a storm dragon
 19926 | D:11     | Reached skill level 5 in Evocations
 20343 | D:11     | Reached skill level 10 in Throwing
 20392 | D:11     | Received a gift from Trog
 20408 | D:11     | Found the cursed +13 scythe of Curses {drain, *Curse}
 21107 | Shoals:1 | Entered Level 1 of the Shoals
 22211 | Shoals:1 | Reached skill level 19 in Polearms
 23648 | Shoals:2 | Received a gift from Trog
 25202 | Shoals:4 | Entered Level 4 of the Shoals
 25277 | Shoals:4 | HP: 2/139 [merfolk javelineer/silver javelin (23)]
 25282 | Shoals:4 | Hit by a silver javelin thrown by a merfolk javelineer

Levels and vault maps discovered:
D:1:      minmay_arrival_shattered_statue, layout_basic
D:2:      layout_rooms, first_ration
D:3:      layout_basic, okawaru_trees_2
D:4:      layout_basic, minmay_goblin_outpost
D:5:      layout_basic, serial_corexii_hall, chequers_hall_statues_corner_a,
          chequers_hall_statues_wall_a, corexii_item_surrounded_by_moat,
          minivault_26, minmay_misc_feat_secret_circle
D:6:      layout_gridville, minmay_temple_entry_glass, serial_glass,
          glass_columns_c, glass_columns_c, glass_columns_a, glass_columns_a
D:7:      layout_basic, zin_academy, serial_shops, shop
D:8:      layout_loops_corners, due_lair_maze_entry_diamond, lemuel_flame_loot_1
D:9:      layout_loops_cross, hiddenorc2_lemuel, serial_shops,
          nicolae_shop_statue_plus, grunt_potential
D:10:     layout_loops_cross
D:11:     minmay_tile_spiral, layout_stronghold, grunt_livestock
D:12:     layout_layer_cave, basic_altar, enter_bailey_3, st_stairs_12,
          hangedman_decor_points, serial_bayou_pond_d, nicolae_ru_awakened_eye,
          uniq_fannar
Lair:1:   layout_loops_ring, gauntlet_entry_generic, enter_volcano_1,
          beast_lair_carwin_11
Lair:2:   layout_misc_corridors, minmay_shoals_entry_hut, basic_altar,
          serial_bayou_shore_b, lemuel_fruit_tree
Lair:3:   layout_chaotic_city, spider_nest_entry_a, beast_lair_carwin_10,
          infiniplex_staircase_pool, grunt_megastairs_3, uniq_nergalle
Lair:4:   layout_cave_pods, grunt_forest_small_clearings, st_stairs_7,
          grunt_megastairs_5, minmay_lair_oklob_chamber
Lair:5:   layout_loops_ring, minmay_slime_entry_oklob_enclosed,
          lemuel_fruit_fields, serial_bayou_shore_a, uniq_sonja
Lair:6:   cheibrodos_lair_end_hotspot, layout_gridlike,
          kennysheep_basilisk_garden
Shoals:1: layout_shoals
Shoals:2: layout_shoals, nicolae_shoals_drake_roost
Shoals:3: layout_shoals
Shoals:4: shoals_end_grunt_ice, layout_shoals, ebering_ghost_disaster_area,
          serial_shops, nicolae_shop_crystal
Orc:1:    layout_caves, basic_altar, trog_butcher_becter, uniq_harold,
          uniq_snorg
Orc:2:    pf_orc_diabolical, layout_caves, basic_altar,
          gammafunk_ghost_necromancy, serial_shops, shop, mines2_david,
          uniq_azrael
Elf:1:    layout_geoelf_octagon, minmay_elf_demonology

Skill      XL: |  1  2  3  4  5  6  7  8  9 10 11 12 13 14 15 |
---------------+----------------------------------------------+-----
Fighting       | 4 5 7 9 10 11 12 13 14 | 14.7
Polearms       | 4 5 6 7 9 11 12 13 15 16 18 19 | 19.6
Throwing       | 1 2 3 4 5 6 7 8 9 10 | 10.4
Armour         | 3 4 5 6 7 8 9 10 11 13 | 13.1
Shields        | 1 3 6 9 10 11 | 11.9
Dodging        | 3 |  3.8
Stealth        | 1 |  1.5
Evocations     | 3 4 5 |  5.8
Long Blades    | |  0.5

Action                   |  1- 3 |  4- 6 |  7- 9 | 10-12 | 13-15 || total
-------------------------+-------+-------+-------+-------+-------++-------
Melee: Spear             |   117 |    40 |   389 |   585 |    75 ||  1206
       Headbutt          |    14 |    22 |    92 |   211 |   219 ||   558
       Trident           |     2 |    60 |       |   133 |       ||   195
       Falchion          |       |       |       |     3 |       ||     3
       Glaive            |       |       |       |    10 |   475 ||   485
       Bardiche          |       |       |       |   133 |   542 ||   675
Throw: Stone             |    36 |    27 |    10 |       |       ||    73
       Dart              |       |       |     7 |       |       ||     7
       Throwing net      |       |       |     4 |     2 |       ||     6
       Boomerang         |       |       |    13 |     8 |     2 ||    23
       Javelin           |       |       |       |       |     2 ||     2
Invok: Berserk           |       |     1 |     6 |     5 |    19 ||    31
       Trog's Hand       |       |     1 |       |     2 |    10 ||    13
       Brothers in Arms  |       |       |       |     2 |     6 ||     8
  Use: Scroll            |     5 |     3 |     7 |     8 |    16 ||    39
       Potion            |       |       |     1 |     4 |    14 ||    19
 Stab: Held in net/web   |       |       |     3 |     2 |       ||     5
       Petrified         |       |       |       |       |     6 ||     6
       Distracted        |       |       |       |       |     1 ||     1
       Petrifying        |       |       |       |       |     1 ||     1
  Eat: Chunk             |     2 |     6 |    16 |    24 |    52 ||   100
       Ration            |       |       |     1 |       |     4 ||     5
Armor: Animal skin       |     2 |       |       |       |       ||     2
       Plate armour      |    33 |    21 |   130 |   358 |   376 ||   918
       Gold dragon scale |       |       |       |       |   557 ||   557
       Skin              |       |       |       |       |     9 ||     9
       Troll leather arm |       |       |       |       |     5 ||     5
Dodge: Dodged            |    24 |    16 |    75 |   184 |   433 ||   732
Block: Shield            |       |       |   110 |   233 |       ||   343
